AoeStats
← ogipochi_

Black Forest

506803391Analyzed
4v4 RM · 18d ago on Sep 15, 2026· 52m 18s· 8 players
Game mode
Random Map
Map size
Large (8 player)
Population
200
Speed
Normal
Resources
Standard
Victory
Conquest
Starting age
Dark Age
Ending age
Imperial Age
RankedLock teamsTeams togetherTeam positionsShared explorationLock speedFull tech treeHidden civsTurbo modeCheats
Victory
Defeat
🇨🇳 Georgians · China
810
+18
🇷🇴 Franks · Romania
775
+19
🇳🇱 Bohemians · Netherlands
736
+21
🇹🇷 Persians · Türkiye
726
+21
🇪🇸 Cumans · Spain
935
-24
912
-37
🇦🇺 Mongols · Australia
787
-17
🇯🇵 Khitans · Japan
732
-15
emre_gud
1:18 Loom
18:23 Feudal Age
19:45 Wheelbarrow
19:16 Double-Bit Axe
19:20 Horse Collar
22:33 Castle Age
26:12 Hand Cart
30:44 Gold Mining
33:28 Gold Shaft Mining
33:01 Scale Barding Armor
32:58 Heavy Plow
33:12 Bow Saw
33:58 Ballistics
34:04 Chain Barding Armor
37:28 Imperial Age
35:09 Padded Archer Armor
35:00 Fletching
35:18 Kamandaran
37:12 Leather Archer Armor
36:53 Bodkin Arrow
37:31 Husbandry
39:04 Chemistry
38:41 Plate Barding Armor
39:09 Two-Man Saw
38:42 Crop Rotation
37:40 Cavalier
38:42 Citadels
38:53 Conscription
39:37 Savar
41:02 Elite Skirmisher
43:17 Ring Archer Armor
42:40 Guard Tower
51:14 Crossbowman
51:59 Thumb Ring
roLynxLynx
8:15 Loom
11:31 Feudal Age
12:35 Double-Bit Axe
18:43 Castle Age
28:17 Bow Saw
29:59 Wheelbarrow
29:29 Gold Mining
33:13 Imperial Age
31:00 Hand Cart
32:16 Forging
32:11 Scale Barding Armor
31:58 Fletching
32:08 Padded Archer Armor
32:09 Scale Mail Armor
32:40 Husbandry
33:52 Iron Casting
33:55 Town Watch
34:41 Conscription
35:10 Chain Mail Armor
35:15 Chain Barding Armor
34:47 Cavalier
37:22 Squires
37:08 Arson
39:21 Caravan
40:16 Pikeman
43:52 Hoardings
45:31 Blast Furnace
45:01 Plate Mail Armor
45:06 Plate Barding Armor
45:16 Plate Barding Armor
45:11 Plate Mail Armor
45:42 Halberdier
45:57 Halberdier
47:01 Chivalry
nel
1:03 Loom
16:19 Feudal Age
18:27 Double-Bit Axe
18:49 Horse Collar
25:34 Castle Age
24:28 Forging
26:27 Bow Saw
27:19 Wheelbarrow
29:02 Caravan
29:15 Town Watch
30:10 Heavy Plow
31:28 Fletching
31:39 Padded Archer Armor
32:30 Hand Cart
33:29 Scale Mail Armor
34:22 Leather Archer Armor
34:56 Treadmill Crane
35:27 Fortified Wall
35:56 Chain Mail Armor
40:01 Imperial Age
37:23 Pikeman
39:31 Chemistry
39:39 Murder Holes
40:05 Wagenburg Tactics
40:03 Squires
39:26 Elite Skirmisher
40:49 Iron Casting
41:15 Conscription
42:23 Two-Man Saw
42:30 Town Patrol
43:33 Blast Furnace
41:56 Halberdier
44:26 Elite Hussite Wagon
47:36 Plate Mail Armor
47:47 Houfnice
49:57 Ring Archer Armor
50:55 Siege Engineers
51:52 Bodkin Arrow
无奈独上青楼
0:33 Loom
13:27 Feudal Age
18:10 Double-Bit Axe
21:29 Castle Age
19:45 Horse Collar
20:00 Gold Mining
20:02 Stone Mining
35:26 Imperial Age
33:32 Wheelbarrow
32:45 Light Cavalry
33:27 Husbandry
33:37 Bloodlines
35:05 Stone Shaft Mining
34:48 Bow Saw
35:31 Svan Towers
35:47 Heavy Plow
36:48 Bloodlines
37:20 Conscription
37:33 Hand Cart
37:36 Forging
37:31 Scale Barding Armor
39:17 Crop Rotation
40:46 Elite Monaspa
41:32 Aznauri Cavalry
41:34 Onager
42:20 Caravan
44:18 Iron Casting
44:04 Chain Barding Armor
44:09 Town Watch
48:41 Blast Furnace
48:16 Plate Barding Armor
51:19 Scale Mail Armor
51:09 Fletching
51:20 Padded Archer Armor
ogipochi_
0:34 Loom
Saoro
4:03 Loom
13:30 Feudal Age
18:08 Castle Age
17:11 Horse Collar
17:18 Double-Bit Axe
20:25 Heavy Plow
26:18 Bow Saw
26:44 Fletching
28:59 Bodkin Arrow
29:16 Forging
29:07 Scale Mail Armor
30:07 Gold Mining
30:08 Stone Mining
37:46 Imperial Age
36:54 Scale Barding Armor
37:49 Thumb Ring
38:34 Chain Barding Armor
38:51 Iron Casting
38:30 Bloodlines
38:50 Conscription
38:41 Elite Kipchak
39:42 Conscription
40:10 Conscription
40:38 Cuman Mercenaries
41:53 Chemistry
41:58 Blast Furnace
42:06 Steppe Husbandry
42:45 Plate Barding Armor
41:36 Elite Steppe Lancer
xXx IloveCoDGhost xXx
6:25 Loom
11:55 Feudal Age
10:07 Horse Collar
12:42 Heavy Plow
12:31 Double-Bit Axe
18:20 Castle Age
17:11 Bow Saw
19:48 Crop Rotation
20:22 Two-Man Saw
22:00 Wheelbarrow
23:53 Gold Mining
23:57 Stone Mining
25:52 Two-Man Saw
25:48 Town Watch
26:54 Hand Cart
27:21 Gold Shaft Mining
27:39 Stone Shaft Mining
28:52 Forging
28:47 Scale Barding Armor
28:33 Fletching
33:02 Imperial Age
32:22 Iron Casting
32:08 Chain Barding Armor
31:44 Bodkin Arrow
34:47 Blast Furnace
34:12 Burgundian Vineyards
34:29 Conscription
34:45 Hoardings
37:48 Plate Barding Armor
37:13 Bracer
36:47 Pikeman
37:27 Squires
37:31 Scale Mail Armor
37:35 Halberdier
37:47 Elite Coustillier
38:37 Husbandry
38:00 Cavalier
39:42 Paladin
47:32 Caravan
48:04 Coinage
Moist-bunny2
1:05 Loom
13:36 Feudal Age
15:38 Horse Collar
17:27 Double-Bit Axe
21:18 Wheelbarrow
23:12 Castle Age
21:22 Fletching
21:48 Stone Mining
23:12 Gold Mining
24:02 Scale Barding Armor
25:29 Bow Saw
25:44 Husbandry
26:57 Bodkin Arrow
27:54 Hand Cart
27:46 Heavy Plow
29:57 Town Watch
31:01 Ballistics
39:33 Imperial Age
38:11 Nomads
39:00 Thumb Ring
40:15 Bloodlines
39:43 Heavy Cavalry Archer
40:48 Parthian Tactics
40:34 Bracer
41:01 Chain Barding Armor
41:06 Conscription
41:19 Fortified Wall
42:55 Hoardings
44:22 Chemistry
43:06 Elite Mangudai
43:28 Pikeman
44:09 Squires
44:46 Scale Mail Armor
44:57 Forging
46:26 Chain Mail Armor
48:14 Siege Engineers
47:49 Onager
51:09 Plate Mail Armor
Connection lost

Rejoining the realm…

Still unreachable

The connection could not be restored.

Session expired

The server has moved on; the page needs a fresh start.